 Dungeon Crawl Stone Soup version 0.28-a0-938-gbc3f381ebc (webtiles) character file.

Game seed: 15664835557021432441

5245 enile the Sneak (level 10, -6/71 HPs)
             Began as an Octopode Brigand on Nov 28, 2021.
             Was a Priest of Trog.
             Killed from afar by an electric eel (14 damage)
             ... with a bolt of electricity
             ... on level 9 of the Dungeon.
             The game lasted 00:29:19 (12857 turns).

enile the Sneak (Octopode Brigand)                 Turns: 12857, Time: 00:29:20

Health: -6/71      AC:  1    Str: 14    XL:     10   Next: 62%
Magic:  10/10      EV: 31    Int: 19    God:    Trog [***...]
Gold:   371        SH:  0    Dex: 14    Spells: 9/9 levels left

rFire   . . .      SeeInvis .   A - +3 spear (venom)
rCold   + . .      Faith    .   (no shield)
rNeg    . . .      Spirit   .   (helmet restricted)
rPois   +          Reflect  .   t - amulet of the acrobat
rElec   .          Harm     .   p - ring of poison resistance
rCorr   .          Rampage  .   w - ring of protection from cold
Will    .....                   m - +6 ring of intelligence
Stlth   ++++......              (no ring)
HPRegen 0.21/turn               (no ring)
MPRegen 0.12/turn               (no ring)
                                (no ring)
                                (no ring)

@: acrobatic
A: almost no armour, amphibious, 8 rings, camouflage 1, gelatinous body 1,
(nimble swimmer 1), tentacles
a: Renounce Religion, Berserk, Trog's Hand


You were on level 9 of the Dungeon.
You worshipped Trog.
Trog was most pleased with you.
You visited 1 branch of the dungeon, and saw 9 of its levels.

You collected 371 gold pieces.

Inventory:

Hand Weapons
 a - a +3 dagger of protection
 c - a +3 short sword of speed
 r - a +3 scimitar
 A - a +3 spear of venom (weapon)
 H - a +3 spear
Missiles
 b - 33 poisoned darts (quivered)
 y - 3 curare-tipped darts
 L - 4 javelins
Armour
 M - a scarf of invisibility
Jewellery
 m - a +6 ring of intelligence (on tentacle)
 p - a ring of poison resistance (left tentacle)
 t - an amulet of the acrobat (around mantle)
 w - a ring of protection from cold (right tentacle)
Wands
 C - a wand of polymorph (10)
 D - a wand of flame (3)
 J - a wand of iceblast (6)
 K - a wand of digging (5)
Scrolls
 h - a scroll of noise
 i - 3 scrolls of enchant armour
 k - 2 scrolls of fog
 l - 2 scrolls of immolation {unknown}
 o - 3 scrolls of holy word
 q - a scroll of blinking
 v - a scroll of amnesia
 z - a scroll of magic mapping
 G - 3 scrolls of teleportation {unknown}
Potions
 d - 2 potions of attraction {unknown}
 e - a potion of haste
 f - 3 potions of brilliance
 g - 2 potions of degeneration {unknown}
 j - 3 potions of curing {unknown}
 n - a potion of mutation {unknown}
 s - a potion of flight {unknown}
 x - a potion of lignification {unknown}
 B - a potion of berserk rage {unknown}
 E - 2 potions of heal wounds {unknown}
 F - a potion of cancellation {unknown}
 I - a potion of magic {unknown}


   Skills:
 - Level 7.0 Fighting
 - Level 5.0 Short Blades
 - Level 0.1(3.0) Long Blades
 + Level 6.1 Polearms
 - Level 6.0 Throwing
 - Level 7.0 Dodging
 - Level 7.0 Stealth
 - Level 7.0 Evocations


You had 9 spell levels left.
You didn't know any spells.
Your spell library contained the following spells:

 Spells                   Type           Power      Damage    Failure   Level
 Call Canine Familiar     Summ           0%         N/A       52%         3
 Portal Projectile        Hex/Tloc       0%         N/A       52%         3
 Leda's Liquefaction      Hex/Erth       0%         N/A       90%         4


Dungeon Overview and Level Annotations

Branches:
Dungeon (9/15)             Temple (0/1) D:5
   Lair: D:8-11         Orc: D:9-12

Altars:
Cheibriados
Trog


Innate Abilities, Weirdness & Mutations

You cannot wear most types of armour.
You are amphibious.
You can wear up to eight rings at the same time.
Your skin changes colour to match your surroundings (Stealth+).
Your rubbery body absorbs attacks. (AC +1, EV +1)
((You are camouflaged near water. (Stealth+)))
You have tentacles for arms and can constrict up to eight enemies at once.


Message History

b - 36 poisoned darts (gained 1)
An electric eel comes into view.
The electric eel moves out of view.
Throw: 36 darts (poison)
Press: ? - help, Q - select action, (/) - cycle Shift-Dir - straight line, f - electric eel
Aim: an electric eel (water, wandering, hasn't noticed you, 50% to hit)
You throw a poisoned dart.
The poisoned dart closely misses the electric eel.
You hear a splash.
The electric eel shoots out a bolt of lightning at you!
The bolt of electricity hits you!
Throw: 35 darts (poison)
Press: ? - help, Q - select action, (/) - cycle Shift-Dir - straight line, f/p - electric eel
Aim: an electric eel (water, 50% to hit)
You throw a poisoned dart.
The poisoned dart misses the electric eel.
The poisoned dart hits the electric eel!
The electric eel is poisoned.
You hear a splash.
The electric eel shoots out a bolt of lightning at you!
The bolt of electricity hits you!
An electric eel comes into view.
Throw: 34 darts (poison)
Press: ? - help, Q - select action, (/) - cycle Shift-Dir - straight line, f/p - electric eel
Aim: an electric eel (water, 50% to hit)
You throw a poisoned dart.
The poisoned dart hits the electric eel!
The electric eel is poisoned.
You hear a splash.
The electric eel shoots out a bolt of lightning at you!
The bolt of electricity hits you!
The electric eel shoots out a bolt of lightning at you!
The bolt of electricity hits you!
* * * LOW HITPOINT WARNING * * *
The electric eel shoots out a bolt of lightning at you!
The bolt of electricity hits you!
* * * LOW HITPOINT WARNING * * *
The electric eel shoots out a bolt of lightning at you!
The bolt of electricity hits you!
You die...

≈≈.(S≈≈≈≈..#
≈S≈≈(S≈≈≈...#
≈≈≈≈S.≈.≈...#
≈≈S≈≈..≈≈...#
≈≈≈..≈.≈....#
≈.(........#
#...>...# #......#
#.....@# #......#
#......#
#......###########
#........))÷)..).#
#......#########.###
######.# #.)<# #.#
##### #.#


You could see 3 electric eels.

Vanquished Creatures
  2 two-headed ogres
  2 trolls
  A wyvern (D:8)
  Eustachio (D:4)
  An acid dragon (D:8)
  A water moccasin (D:7)
  Duvessa (D:4)
  An orc warrior (D:6)
  2 sky beasts
  An ice beast (D:7)
  3 black bears
  4 ogres
  A boggart (D:7)
  2 necrophages
  A centaur (D:6)
  2 kobold brigands
  A bullfrog (D:9)
  A scorpion (D:6)
  Dowan (D:4)
  4 killer bees
  5 wights (D:8)
  A bullfrog zombie (D:7)
  3 centaur zombies
  6 hounds
  2 jellies (D:7)
  4 orc priests
  2 bullfrog skeletons
  2 centaur skeletons
  An iguana (D:6)
  6 orc wizards
  A hound skeleton (D:5)
  A howler monkey zombie (D:7)
  Robin (D:4)
  3 gnolls (D:8)
  A howler monkey skeleton (D:7)
  10 adders
  3 shadow imps
  3 white imps
  2 worms
  A dart slug (D:2)
  20 orcs
  6 ball pythons
  9 endoplasms
  5 giant cockroaches
  14 goblins
  3 hobgoblins
  10 jackals
  A quokka (D:4)
  5 bats
  2 frilled lizards
  9 kobolds
  2 rats
177 creatures vanquished.

Vanquished Creatures (others)
  4 plants (D:7)
4 creatures vanquished.

Grand Total: 181 creatures vanquished

Notes
Turn   | Place    | Note
-------+----------+-------------------------------------------
     0 | D:1      | enile the Octopode Brigand began the quest for the Orb.
     0 | D:1      | Reached XP level 1. HP: 14/14 MP: 1/1
    96 | D:1      | Found a faded altar of an unknown god.
   251 | D:1      | Reached XP level 2. HP: 8/19 MP: 2/2
   781 | D:1      | Prayed at the altar of an unknown god.
   781 | D:1      | Became a worshipper of Trog the Wrathful
   781 | D:1      | Reached * piety under Trog
  1335 | D:2      | Reached XP level 3. HP: 24/24 MP: 3/3
  2026 | D:2      | Reached XP level 4. HP: 24/31 MP: 4/4
  2465 | D:2      | Reached ** piety under Trog
  2867 | D:3      | Reached XP level 5. HP: 36/36 MP: 5/5
  3291 | D:4      | Noticed Robin
  3347 | D:4      | Noticed Eustachio
  3351 | D:4      | Killed Robin
  3372 | D:4      | Killed Eustachio
  3373 | D:4      | Reached XP level 6. HP: 4/43 MP: 6/6
  3796 | D:4      | Reached *** piety under Trog
  3960 | D:4      | Reached XP level 7. HP: 16/48 MP: 7/7
  4354 | D:4      | Noticed Duvessa
  4355 | D:4      | Noticed Dowan
  4378 | D:4      | Killed Dowan
  4397 | D:4      | Killed Duvessa
  4398 | D:4      | Reached skill level 5 in Fighting
  4885 | D:5      | Entered Level 5 of the Dungeon
  5841 | D:5      | Found a staircase to the Ecumenical Temple.
  6285 | D:5      | Reached skill level 5 in Short Blades
  6285 | D:5      | Reached skill level 1 in Polearms
  6470 | D:5      | Reached XP level 8. HP: 28/55 MP: 8/8
  6878 | D:3      | Reached skill level 5 in Dodging
  8226 | D:6      | Reached XP level 9. HP: 51/61 MP: 9/9
  8927 | D:7      | Noticed a troll
  8932 | D:7      | Noticed a cyclops
  8990 | D:7      | HP: 1/91 [troll (9)]
  8991 | D:7      | Killed a troll
  8992 | D:7      | Reached skill level 5 in Polearms
  9764 | D:7      | Reached skill level 5 in Throwing
  9969 | D:7      | Reached skill level 5 in Evocations
 10112 | D:7      | Noticed a two-headed ogre
 10112 | D:7      | Noticed a cyclops
 10225 | D:7      | Killed a two-headed ogre
 10226 | D:7      | Reached XP level 10. HP: 62/68 MP: 10/10
 10448 | D:7      | Found a snail-covered altar of Cheibriados.
 11049 | D:8      | Reached **** piety under Trog
 11921 | D:9      | Noticed a two-headed ogre
 11946 | D:9      | Killed a two-headed ogre
 12857 | D:9      | Killed from afar by an electric eel

Illustrated notes

Levels and vault maps discovered:
D:1:      matt_arrival_grand_opening, layout_basic,
          ebering_ecumenical_altar_abandoned
D:2:      layout_basic, minmay_misc_feat_diagonals, solitary_fountain,
          chequers_jeans, minmay_misc_feat_alley, minmay_3d_cube
D:3:      layout_rooms, minmay_misc_feat_tower, minmay_misc_feat_tiny
D:4:      layout_cave_pods, kennysheep_another_room, uniq_robin, uniq_eustachio,
          uniq_duvessa
D:5:      layout_loops_corners, minmay_temple_entry_wispy,
          kennysheep_generic_room_11
D:6:      layout_basic
D:7:      nzn_winding_woodlands_medium [nzn_winding_woodlands_5x5_three,
          nzn_winding_woodlands_5x15_garden,
          nzn_winding_woodlands_5x5_checkerboard,
          nzn_winding_woodlands_5x5_perimeter,
          nzn_winding_woodlands_center_lodge,
          nzn_winding_woodlands_5x5_closed_star,
          nzn_winding_woodlands_5x5_open_star,
          nzn_winding_woodlands_5x15_zeroes, nzn_winding_woodlands_5x5_default],
          layout_basic, lemuel_round_altar
D:8:      layout_basic
D:9:      layout_basic, erik_lair_island, uniq_psyche

Skill      XL: |  1  2  3  4  5  6  7  8  9 10 |
---------------+-------------------------------+-----
Dodging        | 2 3 4 6 7 |  7.0
Short Blades   | 3 4 5 |  5.0
Fighting       | 3 4 5 6 7 |  7.0
Stealth        | 6 7 |  7.0
Throwing       | 3 4 5 6 |  6.0
Polearms       | 1 4 6 |  6.1
Evocations     | 2 5 7 |  7.0
Long Blades    | |  0.1

Action                   |  1- 3 |  4- 6 |  7- 9 | 10-12 || total
-------------------------+-------+-------+-------+-------++-------
Melee: Dagger            |    64 |    87 |    40 |    45 ||   236
       Constrict         |    12 |    19 |    39 |    21 ||    91
       Tentacles         |     9 |    14 |    42 |    25 ||    90
       Spear             |       |       |   194 |    72 ||   266
Throw: Dart              |     2 |    12 |    20 |    13 ||    47
       Javelin           |       |    12 |    12 |     4 ||    28
Invok: Berserk           |       |     2 |     2 |     2 ||     6
Evoke: Wand              |       |       |       |     6 ||     6
  Use: Potion            |       |     1 |       |       ||     1
       Scroll            |       |       |     6 |     6 ||    12
 Stab: Sleeping          |    13 |    12 |    18 |     5 ||    48
       Distracted        |       |     2 |       |     1 ||     3
Armor: Skin              |     3 |    11 |     5 |     5 ||    24
Dodge: Dodged            |    27 |    45 |   136 |    82 ||   290

Table legend: (Time is in decaauts)
 A = Elapsed time spent in this place.
 B = Non-inter-level travel time spent in this place.
 C = Inter-level travel time spent in this place.
 D = Time resting spent in this place.
 E = Time spent auto-exploring this place.
 F = Levels seen in this place.
 G = Mean time per level.
                   A        B        C        D        E       F      G
               +--------+--------+--------+--------+--------+-----+--------+
         Total |  12853 |  12555 |    298 |    855 |   9674 |   9 | 1428.1 |
       Dungeon |  12853 |  12555 |    298 |    855 |   9674 |   9 | 1428.1 |
               +--------+--------+--------+--------+--------+-----+--------+

Top non-repeatable levels by time:
     D:4: 2136 daAuts
     D:7: 2080 daAuts
     D:8: 1687 daAuts
     D:6: 1583 daAuts
     D:2: 1385 daAuts
     D:5: 1280 daAuts
     D:1: 1170 daAuts
     D:3: 965 daAuts
     D:9: 563 daAuts
